 Dungeon Crawl Stone Soup version 0.32-a0-290-g598725c5f2 (webtiles) character file.

Game seed: 9086430710523980859

3814 Dittersdorf the Fighter (level 10, -1/65 HPs)
             Began as a Gargoyle Fighter on Feb 13, 2024.
             Was an Initiate of Gozag.
             Slain by a skeletal warrior
             ... wielding a +0 mace
              (16 damage)
             ... on level 7 of the Dungeon.
             The game lasted 00:09:23 (8607 turns).

Dittersdorf the Fighter (Gargoyle Fighter)          Turns: 8607, Time: 00:09:24

Health: -1/65      AC: 23    Str: 23    XL:     10   Next: 17%
Magic:  0/10       EV:  8    Int: 10    God:    Gozag
Gold:   458        SH:  5    Dex:  9    Spells: 9/9 levels left

rFire   + . .        a - +1 flail
rCold   . . .        c - +0 buckler
rNeg    + . .        v - +0 chain mail
rPois   ∞            f - +0 helmet
rElec   +            (no cloak)
rCorr   .            (no gloves)
SInv    .            (no boots)
Will    .....        b - amulet of guardian spirit Stlth
                     r - ring of protection from fire
HPRegen 0.30/turn    w - +4 ring of protection
MPRegen 0.12/turn

%: guardian spirit
@: mighty
A: sickness immunity, AC +7, negative energy resistance 1, electricity
resistance, torment resistance 1, petrification resistance
a: Renounce Religion, Potion Petition, Call Merchant, Bribe Branch


You were on level 7 of the Dungeon.
You worshipped Gozag.
Gozag was aware of your devotion.
You visited 2 branches of the dungeon, and saw 8 of its levels.
You also visited: Ossuary.

You collected 597 gold pieces.
You paid 139 gold pieces to Gozag.

Inventory:

Hand Weapons
 a - a +1 flail (weapon)
 u - a +2 mace of draining
Missiles
 o - 2 curare-tipped darts
Armour
 c - a +0 buckler (worn)
 f - a +0 helmet (worn)
 v - a +0 chain mail (worn)
Jewellery
 b - an amulet of guardian spirit (around neck)
 l - a ring of positive energy
 r - a ring of protection from fire (left hand)
 w - a +4 ring of protection (right hand)
Wands
 y - a wand of iceblast (12) (quivered)
Scrolls
 m - 4 scrolls of teleportation
 x - 3 scrolls of enchant weapon
 z - a scroll of fear
 A - a scroll of identify
Potions
 d - a potion of might
 e - 3 potions of heal wounds
 g - a potion of degeneration {unknown}
 h - a potion of enlightenment {unknown}
 i - a potion of magic {unknown}
 j - a potion of resistance {unknown}
 k - 10 potions of curing {unknown}
 n - 4 potions of lignification {unknown}
 p - a potion of mutation {unknown}
 q - a potion of brilliance {unknown}
 s - 3 potions of attraction {unknown}
 t - 3 potions of cancellation {unknown}


   Skills:
 + Level 8.5 Fighting
 + Level 7.4 Maces & Flails
 + Level 8.5 Armour
 + Level 8.5 Shields


You had 9 spell levels left.
You didn't know any spells.
Your spell library contained the following spells:

 Spells                   Type           Power      Damage    Failure   Level
 Magic Dart               Conj           0%         1d3       91%         1
 Searing Ray              Conj           0%         2d4       97%         2
 Fulminant Prism          Conj/Alch      0%         3d5       100%        4
 Alistair's Intoxication  Alch           0%         N/A       100%        5
 Borgnjor's Vile Clutch   Necr/Erth      0%         N/A       100%        5
 Eringya's Noxious Bog    Alch           0%         4d6       100%        6


Dungeon Overview and Level Annotations

Branches:
Dungeon (7/15)             Temple (1/1) D:5         Ossuary (visited)

Altars:
Ashenzari
Cheibriados
Dithmenos
Elyvilon
Fedhas
Gozag
Hepliaklqana
Kikubaaqudgha
Makhleb
Nemelex Xobeh
Okawaru
Qazlal
Ru
Sif Muna
Trog
Uskayaw
Vehumet
Xom
Yredelemnul
Zin
The Shining One

Shops:
D:2 *   D:3 (

Annotations:
D:3 3 runed translucent doors, Splishie's ghost, amateur DrSh


Innate Abilities, Weirdness & Mutations

You are immune to sickness and miasma.
Your stone body is resilient. (AC +7)
You are immune to poison.
You resist negative energy. (rN+)
You are resistant to electric shocks. (rElec)
You are resistant to unholy torment.
You are immune to petrification.


Message History

You are too injured to fight recklessly!
You are too injured to fight recklessly!
You are too injured to fight recklessly!
You are too injured to fight recklessly!
You are too injured to fight recklessly!
You are too injured to fight recklessly!
You are too injured to fight recklessly!
You are too injured to fight recklessly!
The skeletal warrior attacks as it pursues you!
The skeletal warrior barely misses you.
The skeletal warrior attacks as it pursues you!
The skeletal warrior hits you but does no damage.
The skeletal warrior attacks as it pursues you!
You block the skeletal warrior's attack.
The skeletal warrior attacks as it pursues you!
The skeletal warrior hits you with a +0 mace!
The skeletal warrior attacks as it pursues you!
You block the skeletal warrior's attack.
The skeletal warrior attacks as it pursues you!
The skeletal warrior hits you with a +0 mace!
* * * LOW HITPOINT WARNING * * *
A puff of flame appears from out of thin air!
The puff of flame hits you but does no damage.
The skeletal warrior attacks as it pursues you!
You block the skeletal warrior's attack.
Okay, then.
a - a +1 flail (weapon)
You feel very mighty all of a sudden.
The skeletal warrior hits you but does no damage.
You hit the skeletal warrior.
The skeletal warrior is lightly damaged.
You block the skeletal warrior's attack.
You sock the skeletal warrior!
The skeletal warrior is moderately damaged.
You block the skeletal warrior's attack.
You closely miss the skeletal warrior.
The skeletal warrior is moderately damaged.
The skeletal warrior hits you with a +0 mace!!
You die...
Your body crumbles into a pile of gold.

.#.# #{########### #.< ##.#
#............ #>. ...#
###...#.#### #.. #### ###...# #.#
## .## #.### #.# ##b ..## ####.#
####.# ##bb ...## ##.##o###
##.##.###bbb
....####.....oW#######...#.##bbbb
....+..........z@...........bbbbb
....####.......#####.#...####.bbb
...## ##......# #.##.##


##bbb ..## ##.....# #.#### ##b. .## #.##### #.# ##. ## #.# ... ## # #.# #.# # #
#.# #.# # ## #.# ## You could see a skeletal warrior, a wraith, an orc wizard
and an orc.

Vanquished Creatures
  Pikel (D:6)
  Jeremiah (D:6)
  Prince Ribbit (Temple)
  2 wraiths (D:7)
  A steam dragon (D:7)
  A water moccasin (D:6)
  2 ice beasts (D:5)
  An orc warrior (D:6)
  An ogre (D:6)
  A black bear (D:6)
  2 phantoms
  3 lemures (D:6)
  5 scorpions
  A burial acolyte (D:6)
  3 bombardier beetles
  6 bullfrog zombies (Ossuary)
  2 hounds
  3 jellies
  3 orc priests
  A sleepcap (D:4)
  A gnoll bouda (D:5)
  3 iguanas
  5 mummies (Ossuary)
  An orc wizard (D:5)
  Natasha (thrice) (D:3)
  4 crocodile zombies (Ossuary)
  7 hound zombies
  2 hound skeletons (D:4)
  4 howler monkey zombies (Ossuary)
  4 gnolls
  6 adders
  A white imp (D:6)
  2 adder skeletons (D:4)
  5 dart slugs
  4 ribbon worms
  21 orcs
  5 bats
  6 endoplasms
  2 giant cockroaches (D:1)
  11 goblins
  5 hobgoblins
  16 jackals
  3 kobolds
  8 quokkas
  6 ball pythons
  2 ball python zombies (Ossuary)
  2 frilled lizards (D:2)
  3 jackal zombies (D:6)
  5 rats (D:2)
188 creatures vanquished.

Notes
Turn   | Place    | Note
-------+----------+-------------------------------------------
     0 | D:1      | Dittersdorf the Gargoyle Fighter began the quest for the
                  | Orb.
     0 | D:1      | Reached XP level 1. HP: 14/14 MP: 1/1
    37 | D:1      | Reached XP level 2. HP: 19/19 MP: 2/2
   159 | D:1      | Reached XP level 3. HP: 22/24 MP: 3/3
   827 | D:2      | Reached XP level 4. HP: 26/29 MP: 4/4
  1224 | D:2      | Found Mypahono's Assorted Antiques.
  1233 | D:2      | Reached XP level 5. HP: 32/33 MP: 5/5
  1897 | D:3      | Found Saniph's Weapon Boutique.
  1897 | D:3      | Found a runed translucent gate.
  1897 | D:3      | Found a runed translucent gate.
  1897 | D:3      | Found a runed translucent gate.
  1897 | D:3      | Noticed Splishie's ghost (amateur DrSh)
  1898 | D:3      | Noticed a kobold brigand
  1956 | D:3      | Noticed Natasha
  1970 | D:3      | Killed Natasha
  2337 | D:3      | Reached XP level 6. HP: 39/39 MP: 6/6
  2465 | D:3      | Noticed Natasha
  2471 | D:3      | Killed Natasha
  2575 | D:3      | Found Saniph's Weapon Boutique.
  2910 | D:3      | Noticed Natasha
  2917 | D:3      | Killed Natasha
  3166 | D:4      | Found a shadowy altar of Dithmenos.
  3340 | D:4      | Reached skill level 5 in Fighting
  3568 | D:4      | Found a sand-covered staircase.
  3575 | D:4      | Reached skill level 5 in Armour
  3584 | D:4      | Reached skill level 5 in Shields
  3584 | D:4      | Reached XP level 7. HP: 44/44 MP: 7/7
  3587 | Ossuary  | Entered an ossuary
  4168 | Ossuary  | Reached XP level 8. HP: 51/51 MP: 8/8
  4331 | Ossuary  | Reached skill level 5 in Maces & Flails
  4917 | D:4      | Found a glowing golden altar of the Shining One.
  4932 | D:4      | Found a shimmering altar of Xom.
  4932 | D:4      | Found a hazy altar of Hepliaklqana.
  4934 | D:4      | Found an ancient bone altar of Kikubaaqudgha.
  4934 | D:4      | Found a burning altar of Makhleb.
  4934 | D:4      | Found an ancient bone altar of Kikubaaqudgha.
  4994 | D:5      | Entered Level 5 of the Dungeon
  5323 | D:5      | Found a radiant altar of Vehumet.
  5349 | D:5      | Found a staircase to the Ecumenical Temple.
  5355 | D:5      | Noticed Prince Ribbit
  5358 | Temple   | Entered the Ecumenical Temple
  5382 | Temple   | Killed Prince Ribbit
  5634 | D:5      | Found a sparkling altar of Nemelex Xobeh.
  5677 | D:5      | Reached XP level 9. HP: 57/57 MP: 9/9
  6068 | D:5      | Found a glowing silver altar of Zin.
  6068 | D:5      | Noticed an angel
  6648 | D:6      | Noticed Pikel
  6717 | D:6      | Killed Pikel
  7237 | D:6      | Found an opulent altar of Gozag.
  7243 | D:6      | Became a worshipper of Gozag Ym Sagoz the Greedy
  7509 | D:6      | Noticed Jeremiah
  7553 | D:6      | Killed Jeremiah
  7927 | D:6      | Found an ancient bone altar of Kikubaaqudgha.
  8276 | D:7      | Reached XP level 10. HP: 61/64 MP: 10/10
  8558 | D:7      | Noticed a skeletal warrior
  8607 | D:7      | Slain by a skeletal warrior

Illustrated notes

Levels and vault maps discovered:
D:1:      amcnicky_arrival_double_pillar, layout_loops_ring
D:2:      layout_basic, serial_co_window_serial, co_window_corner_a,
          co_window_paths_a, co_window_of_opportunity_a, co_window_paths_a,
          co_window_corner_a, co_window_corner_b, co_window_of_opportunity_b,
          co_window_unsneaky_path_c, co_window_unsneaky_path_a,
          co_window_cross_2, co_window_cross_4, glass_columns_a,
          glass_columns_a, glass_columns_a, glass_columns_a, glass_columns_b,
          serial_shops, nicolae_shop_trees
D:3:      layout_loops_ring, serial_shops, shop, gammafunk_ghost_nasty_kobolds,
          uniq_natasha
D:4:      minmay_chambers_of_twos, layout_loops_ring, old_standard_altar,
          doesnt_xom_only_xom, mainiacjoe_ossuary_entry_find_the_door,
          minmay_tree_intersection
D:5:      layout_layer_cave, zin_angel, nemelex_xobeh_ov_fountains_minmay,
          mainiacjoe_overflow_alcove_2, minmay_temple_entry_slanted,
          uniq_prince_ribbit1
D:6:      layout_basic, lemuel_zombie_altar_kikubaaqudgha,
          mainiacjoe_overflow_six_doors_small, uniq_jeremiah, uniq_pikel
D:7:      layout_loops_corners, minmay_guarded_unrand_finisher
Temple:   nicolae_temple_ecumenical_triangle

Skill      XL: |  1  2  3  4  5  6  7  8  9 |
---------------+----------------------------+-----
Fighting       | 4 5 7 8 |  8.5
Maces & Flails | 3 4 5 7 |  7.4
Armour         | 4 5 6 8 |  8.5
Shields        | 4 5 6 8 |  8.5

Action                     |  1- 3 |  4- 6 |  7- 9 | 10-12 || total
---------------------------+-------+-------+-------+-------++-------
  Melee: Flail             |   106 |   155 |   313 |     3 ||   577
         Mace              |       |    78 |   272 |    70 ||   420
  Evoke: Wand              |       |       |     1 |       ||     1
    Use: Scroll            |       |     4 |     6 |       ||    10
         Potion            |       |       |       |     1 ||     1
 Armour: Scale mail        |    92 |   155 |       |       ||   247
         Chain mail        |       |    58 |   496 |    51 ||   605
  Dodge: Dodged            |    66 |   135 |   205 |    22 ||   428
  Block: Buckler           |    32 |    63 |   170 |    16 ||   281

Table legend: (Time is in decaauts)
 A = Elapsed time spent in this place.
 B = Non-inter-level travel time spent in this place.
 C = Inter-level travel time spent in this place.
 D = Time resting spent in this place.
 E = Time spent auto-exploring this place.
 F = Levels seen in this place.
 G = Mean time per level.
                   A        B        C        D        E       F      G
               +--------+--------+--------+--------+--------+-----+--------+
         Total |   8850 |   8663 |    187 |    839 |   5505 |   9 |  983.3 |
       Dungeon |   7767 |   7580 |    187 |    419 |   5341 |   7 | 1109.6 |
        Temple |    204 |    204 |      0 |    170 |      0 |   1 |  204.0 |
       Ossuary |    877 |    877 |      0 |    250 |    164 |   1 |  877.0 |
               +--------+--------+--------+--------+--------+-----+--------+

Top non-repeatable levels by time:
     D:6: 1575 daAuts
     D:5: 1465 daAuts
     D:3: 1458 daAuts
     D:2: 1105 daAuts
     D:4: 941 daAuts
 Ossuary: 877 daAuts
     D:1: 798 daAuts
     D:7: 422 daAuts
  Temple: 204 daAuts
